 Dungeon Crawl Stone Soup version 0.19.1 (webtiles) character file.

48927 truemonolith the Warrior (level 14, -16/169 HPs)
             Began as a Halfling Berserker on Nov 27, 2016.
             Was a High Priest of Trog.
             Demolished by an orc knight
             ... wielding a +0 battleaxe
              (32 damage)
             ... on level 1 of the Orcish Mines.
             The game lasted 00:59:56 (23453 turns).

truemonolith the Warrior (Halfling Berserker)      Turns: 23453, Time: 00:59:57

Health: -16/169    AC: 27    Str: 28    XL:     14   Next: 89%
Magic:  14/14      EV: 20    Int:  5    God:    Trog [*****.]
Gold:   1150       SH:  0    Dex: 19    Spells: 0 memorised, 13 levels left

rFire  + . .     SeeInvis .     K - +4 short sword (freeze)
rCold  . . .     Gourm    .     H - +8 chain mail of Xeanigg {rF+ Str+3 Slay+2}
rNeg   . . .     Faith    +     (shield restricted)
rPois  +         Spirit   .     s - +0 helmet
rElec  .         Reflect  .     v - +2 cloak
rCorr  .         Harm     .     O - +0 pair of gloves
MR     +....                    q - +0 pair of boots (curse)
Stlth  ..........               m - amulet of faith
                                d - ring of poison resistance
                                G - +3 ring of slaying

@: berserking, drained, very quick
A: mutation resistance 1, strong 1
a: Berserk, Trog's Hand, Brothers in Arms, Burn Spellbooks, Renounce Religion


You were on level 1 of the Orcish Mines.
You worshipped Trog.
Trog was extremely pleased with you.
You were not hungry.

You visited 3 branches of the dungeon, and saw 19 of its levels.
You also visited: Labyrinth.

You collected 1150 gold pieces.

Inventory:

Hand Weapons
 K - a +4 short sword of freezing (weapon)
Armour
 q - a cursed +0 pair of boots (worn)
 s - a +0 helmet (worn)
 v - a +2 cloak (worn)
 H - the +8 chain mail of Xeanigg (worn) {rF+ Str+3 Slay+2}
   (You found it on level 1 of the Lair of Beasts)

   It affects your strength (+3).
   It affects your accuracy and damage with ranged weapons and melee attacks
   (+2).
   It protects you from fire.
 O - a +0 pair of gloves (worn)
Jewellery
 d - a ring of poison resistance (right hand)
 e - an uncursed ring of protection from magic {unknown}
 m - an amulet of faith (around neck)
 n - an uncursed amulet of guardian spirit {unknown}
 u - an uncursed ring of protection from fire {unknown}
 G - a +3 ring of slaying (left hand)
 P - an uncursed ring of see invisible
Wands
 g - a wand of flame (26/48)
 w - a wand of polymorph (7/24)
 F - a wand of iceblast (7/15)
Scrolls
 b - 2 scrolls of teleportation
 h - 3 scrolls of fear
 i - 11 scrolls of remove curse
 j - 4 scrolls of immolation
 k - 13 scrolls of identify
 p - a scroll of amnesia {unknown}
 B - 2 scrolls of recharging
 E - 3 scrolls of enchant armour
 J - 6 scrolls of enchant weapon
Potions
 f - 2 potions of haste {unknown}
 o - a potion of might {unknown}
 z - 2 potions of cure mutation {unknown}
 C - 10 potions of curing
 L - a potion of mutation
Comestibles
 a - 4 meat rations
 c - 2 bread rations
 l - 6 beef jerkies
 A - a royal jelly


   Skills:
 + Level 16.5(16.3) Fighting
 - Level 11.0(10.9) Short Blades
 - Level 11.1(10.9) Armour
 - Level 11.1(11.0) Dodging


You had 13 spell levels left.
You didn't know any spells.

Dungeon Overview and Level Annotations

Branches:
Dungeon (11/15)            Temple (0/1) D:7            Lair (6/6) D:9
 Shoals (0/4) Lair:4       Spider (0/4) Lair:3        Slime (0/5) Lair:5
    Orc (2/2) D:11
    Elf: Orc:2

Altars:
Ashenzari
Dithmenos
Gozag
Hepliaklqana
Okawaru
Uskayaw
Yredelemnul
Zin
The Shining One
Jiyva

Shops:
D:10 *

Annotations:
D:7 1 runed door
Orc:1 Saint Roka


Innate Abilities, Weirdness & Mutations

You are small and have problems with some larger weapons.
You are somewhat resistant to further mutation.
Your muscles are strong. (Str +2)


Message History

Saint Roka is lightly wounded.
The orc warrior barely misses you. The orc hits you but does no damage.
Saint Roka invokes the aid of Beogh against you.
Beogh smites you!
* * * LOW HITPOINT WARNING * * *
The orc knight misses you.
Your chain mail of Xeanigg prevents you from hitting Saint Roka.
Saint Roka is lightly wounded.
The orc warrior barely misses you.
You puncture Saint Roka! You freeze Saint Roka.
Saint Roka is lightly wounded.
The orc warrior misses you. The orc closely misses you.
The orc warrior barely misses you.
You hit Saint Roka but do no damage.
Saint Roka is lightly wounded.
Saint Roka hits you with a great mace of holy wrath.
* * * LOW HITPOINT WARNING * * *
The orc closely misses you.
The orc knight hits you with a battleaxe!!
You die...

##.....#........#....#
#...........#..#....##
##.................##
##...#.............#
##.........#.#.#...#
#...........#####.##
#...........##.##.##
##......oo[........#
###...o.@o....##.##
##.....ooo.....#.##
#........[........#
##..<............##
###............##
#....#.......##
##....#..#..##
###.######## ###


You could see Saint Roka, an orc knight, 3 orc warriors and 2 orcs.

Vanquished Creatures
  A dire elephant (Lair:5)
  A minotaur (Lab)
  The ghost of Philosophy the Fighter, a journeyman HOFi of Okawaru (D:10)
  The ghost of TheWoodenMan the Fighter, a journeyman HOFi of Kikubaaqudgha (D:9)
  4 hydras
  5 skeletal warriors (D:11)
  An unseen horror (D:11)
  A harpy (Lair:4)
  A hill giant (D:10)
  A manticore (Lair:4)
  35 elephants
  4 black mambas
  6 spiny frogs
  7 rime drakes
  3 komodo dragons
  2 trolls
  A two-headed ogre (D:8)
  Grinder (D:3)
  Prince Ribbit (D:6)
  16 blink frogs
  4 hippogriffs
  6 dream sheep
  A redback (Lair:3)
  A spriggan (Lair:5)
  3 wyverns
  A human (D:8)
  4 hogs (D:8)
  3 fire bats (Lair:2)
  17 yaks
  A steam dragon (D:10)
  2 hungry ghosts
  2 mottled dragons (D:11)
  4 wargs (D:11)
  12 water moccasins
  9 porcupines
  5 orc warriors
  2 sky beasts (D:10)
  2 phantoms
  A black bear (D:9)
  An ice beast (D:6)
  7 ogres
  A necrophage (D:8)
  17 wolves
  9 centaurs
  8 crocodiles
  14 bullfrogs
  A wyvern skeleton (D:8)
  3 scorpions
  6 wights
  An electric eel (Lair:5)
  5 howler monkeys
  4 crimson imps
  A jelly (D:11)
  7 hounds
  14 orc wizards
  10 orc priests
  3 bullfrog skeletons
  2 iguanas
  Ijyb (D:2)
  Terence (D:2)
  5 worker ants
  A killer bee zombie (D:9)
  A hound zombie (D:8)
  A hound skeleton (D:9)
  A howler monkey zombie (D:6)
  Robin (D:2)
  4 gnolls
  19 adders
  2 river rats (D:9)
  4 shadow imps
  A white imp (D:9)
  An ooze (D:6)
  An adder zombie (D:8)
  5 worms
  3 leopard geckos
  48 orcs
  3 ball pythons
  5 giant cockroaches
  8 goblins
  16 hobgoblins
  10 jackals
  11 kobolds
  6 quokkas
  13 bats
  4 frilled lizards
  2 goblin zombies (D:7)
  12 rats
  A fungus (Lair:5)
478 creatures vanquished.

Vanquished Creatures (collateral kills)
  Nessos (Lair:4)
  A plant (Lair:4)
2 creatures vanquished.

Vanquished Creatures (others)
  An orc wizard (D:9)
  64 fungi
  22 plants
87 creatures vanquished.

Grand Total: 567 creatures vanquished

Notes
Turn   | Place    | Note
-------+----------+-------------------------------------------
     0 | D:1      | truemonolith the Halfling Berserker began the quest for the Orb.
     0 | D:1      | Reached XP level 1. HP: 15/15 MP: 1/1
   143 | D:1      | Reached XP level 2. HP: 20/20 MP: 2/2
   407 | D:1      | Reached XP level 3. HP: 22/25 MP: 3/3
   782 | D:1      | Reached skill level 5 in Short Blades
  1386 | D:2      | Reached XP level 4. HP: 16/30 MP: 4/4
  1714 | D:2      | Noticed Robin
  1727 | D:2      | Killed Robin
  1982 | D:2      | Noticed Terence
  1987 | D:2      | Reached ** piety under Trog
  1994 | D:2      | Killed Terence
  1994 | D:2      | Reached XP level 5. HP: 35/35 MP: 5/5
  2258 | D:2      | Noticed Ijyb
  2280 | D:2      | Killed Ijyb
  2672 | D:3      | Reached XP level 6. HP: 41/41 MP: 6/6
  2971 | D:3      | Noticed Grinder
  2982 | D:3      | Paralysed by Grinder for 4 turns
  2999 | D:3      | Killed Grinder
  2999 | D:3      | Reached XP level 7. HP: 18/45 MP: 7/7
  3052 | D:3      | Reached *** piety under Trog
  4217 | D:4      | Found a shadowy altar of Dithmenos.
  4228 | D:4      | Reached skill level 5 in Armour
  4228 | D:4      | Reached XP level 8. HP: 29/51 MP: 8/8
  4511 | D:5      | Entered Level 5 of the Dungeon
  4549 | D:5      | Found a glowing golden altar of the Shining One.
  5569 | D:6      | Noticed Prince Ribbit
  5651 | D:6      | Killed Prince Ribbit
  5651 | D:6      | Reached **** piety under Trog
  5651 | D:6      | Reached XP level 9. HP: 47/55 MP: 9/9
  5681 | D:6      | Found a faded altar of an unknown god.
  5681 | D:6      | Found a faded altar of an unknown god.
  5686 | D:6      | Found a glowing silver altar of Zin.
  5688 | D:6      | Found a faded altar of an unknown god.
  5689 | D:6      | Found a faded altar of an unknown god.
  5973 | D:6      | Reached skill level 10 in Armour
  6190 | D:7      | Found a staircase to the Ecumenical Temple.
  6999 | D:7      | Found a runed door.
  7003 | D:7      | Found a basalt altar of Yredelemnul.
  7190 | D:8      | Noticed a two-headed ogre
  7199 | D:8      | Killed a two-headed ogre
  7253 | D:8      | Reached skill level 5 in Dodging
  7253 | D:8      | Reached XP level 10. HP: 61/61 MP: 10/10
  8159 | D:8      | Found a hazy altar of Hepliaklqana.
  8163 | D:8      | Found a shattered altar of Ashenzari.
  8205 | D:8      | Reached ***** piety under Trog
  8406 | D:8      | Found an opulent altar of Gozag.
  8513 | D:9      | Noticed TheWoodenMan's ghost (journeyman HOFi)
  8828 | D:9      | Found a staircase to the Lair.
  9435 | D:9      | Reached skill level 10 in Dodging
  9835 | D:8      | Gained mutation: Your muscles are strong. (Str +2) [potion of mutation]
 10432 | D:9      | Found a hide-covered altar of Uskayaw.
 10458 | D:9      | Reached skill level 3 in Fighting
 10811 | D:10     | Entered Level 10 of the Dungeon
 10865 | D:10     | Reached skill level 4 in Fighting
 10910 | D:10     | Reached XP level 11. HP: 57/70 MP: 11/11
 11120 | D:9      | Reached skill level 5 in Fighting
 11145 | D:9      | Killed TheWoodenMan's ghost
 11145 | D:9      | Reached skill level 6 in Fighting
 11248 | D:10     | Noticed a hill giant
 11322 | Lair:1   | Entered Level 1 of the Lair of Beasts
 11424 | Lair:1   | Reached skill level 7 in Fighting
 11438 | Lair:1   | Received a gift from Trog
 12083 | Lair:1   | Got a pitted chain mail
 12094 | Lair:1   | Identified the +8 chain mail of Xeanigg {rF+ Str+3 Slay+2} (You found it on level 1 of the Lair of Beasts)
 12237 | Lair:1   | Reached skill level 8 in Fighting
 13186 | Lair:1   | Received a gift from Trog
 13397 | Lair:2   | Found a labyrinth entrance.
 13406 | Lab      | Entered a labyrinth
 14319 | Lab      | Noticed a minotaur
 14334 | Lab      | Killed a minotaur
 14334 | Lab      | Reached XP level 12. HP: 84/84 MP: 12/12
 14340 | Lab      | Identified the Volume of Envenoming and the Snowflakes
 14341 | Lab      | Got an ichor-stained rapier
 14341 | Lab      | Got a twisted plate armour
 14352 | Lab      | Identified the +10 plate armour "Dovyoruxu" {rElec} (You found it in a labyrinth)
 14454 | Lab      | Identified the +3 rapier "Ujuuc" {venom, Int+2} (You found it in a labyrinth)
 14568 | Lair:2   | Got a translucent plate armour
 14580 | Lair:2   | Reached skill level 10 in Short Blades
 14995 | Lair:2   | Noticed an eight-headed hydra
 15006 | Lair:2   | Killed an eight-headed hydra
 15172 | Lair:2   | Identified the +8 plate armour of the Komtur {Int+2} (You found it on level 2 of the Lair of Beasts)
 15249 | Lair:3   | Found a hole to the Spider Nest.
 15370 | Lair:3   | Reached skill level 9 in Fighting
 15870 | Lair:3   | Noticed an eight-headed hydra
 15890 | Lair:3   | Killed an eight-headed hydra
 15890 | Lair:3   | Reached skill level 10 in Fighting
 16251 | Lair:4   | Noticed a six-headed hydra
 16746 | Lair:3   | Reached skill level 11 in Fighting
 16782 | Lair:3   | Reached XP level 13. HP: 95/95 MP: 13/13
 17016 | Lair:3   | Reached skill level 12 in Fighting
 17019 | Lair:3   | Received a gift from Trog
 17168 | Lair:3   | Killed a six-headed hydra
 17317 | Lair:4   | Noticed Nessos
 17343 | Lair:4   | Killed Nessos
 17651 | Lair:4   | Reached skill level 13 in Fighting
 18134 | Lair:4   | Found a staircase to the Shoals.
 18648 | Lair:5   | Found a viscous altar of Jiyva.
 18648 | Lair:5   | Found a staircase to the Slime Pits.
 18792 | Lair:5   | Reached skill level 14 in Fighting
 19435 | Lair:5   | Reached XP level 14. HP: 97/108 MP: 14/14
 20052 | Lair:5   | Reached skill level 15 in Fighting
 20233 | Lair:5   | Noticed a dire elephant
 20251 | Lair:5   | Killed a dire elephant
 20319 | Lair:6   | Entered Level 6 of the Lair of Beasts
 20690 | Lair:6   | Got a scorched ring mail
 20829 | Lair:2   | Identified the +6 ring mail of Misehar {Str+5 Int-5 Dex+7} (You found it on level 6 of the Lair of Beasts)
 20829 | Lair:2   | Lost intelligence.
 21030 | D:10     | Found Heukkidu's Assorted Antiques.
 21111 | D:10     | Noticed Philosophy's ghost (journeyman HOFi)
 21177 | D:10     | Killed Philosophy's ghost
 21368 | D:10     | Found an iron altar of Okawaru.
 21872 | D:11     | Reached skill level 16 in Fighting
 22216 | D:11     | Reached ****** piety under Trog
 22381 | D:11     | Found a staircase to the Orcish Mines.
 23061 | Orc:1    | Entered Level 1 of the Orcish Mines
 23164 | Orc:2    | Entered Level 2 of the Orcish Mines
 23164 | Orc:2    | Noticed Saint Roka
 23223 | Orc:2    | Noticed an orc warlord
 23453 | Orc:1    | Demolished by an orc knight

Skill      XL: |  1  2  3  4  5  6  7  8  9 10 11 12 13 14 |
---------------+-------------------------------------------+-----
Short Blades   | 4 5 6 7 9 11 | 11.0
Armour         | 5 9 11 | 11.1
Dodging        | 5 10 11 | 11.1
Fighting       | 4 8 11 14 16 | 16.5

Action                   |  1- 3 |  4- 6 |  7- 9 | 10-12 | 13-15 || total
-------------------------+-------+-------+-------+-------+-------++-------
Melee: Short sword       |   121 |    45 |    51 |   925 |   947 ||  2089
       Rapier            |       |   154 |   410 |       |       ||   564
Invok: Berserk           |       |     3 |     1 |     9 |     6 ||    19
       Brothers in Arms  |       |       |       |       |     7 ||     7
       Burn Spellbooks   |       |       |       |       |     1 ||     1
 Abil: Evoke Flight      |       |       |     1 |       |       ||     1
  Use: Scroll            |       |     7 |     5 |     8 |       ||    20
       Potion            |       |     1 |       |     8 |     5 ||    14
 Stab: Sleeping          |     2 |       |       |       |       ||     2
  Eat: Bread ration      |     1 |       |     1 |     4 |     3 ||     9
       Meat ration       |       |     1 |       |     1 |       ||     2
       Chunk             |       |       |     3 |     4 |     7 ||    14
       Beef jerky        |       |       |     3 |       |     1 ||     4
       Fruit             |       |       |     2 |    12 |     2 ||    16
       Pizza             |       |       |     1 |     2 |     6 ||     9
Armor: Animal skin       |    18 |     6 |       |       |       ||    24
       Chain mail        |       |    74 |   184 |   411 |   339 ||  1008
       Troll leather arm |       |       |       |    18 |       ||    18
Dodge: Dodged            |    86 |   118 |   176 |   795 |   671 ||  1846
